AoeStats
← Marco Polo 666

Highland

506788490Analyzed
4v4 RM · 17d ago on Sep 15, 2026· 55m 28s· 8 players
Game mode
Random Map
Map size
Large (8 player)
Population
200
Speed
Normal
Resources
Standard
Victory
Conquest
Starting age
Dark Age
Ending age
Imperial Age
RankedLock teamsTeams togetherTeam positionsShared explorationLock speedFull tech treeHidden civsTurbo modeCheats
Victory
Defeat
🇦🇺 Japanese · Australia
920
+9
🇨🇱 Britons · Chile
890
+10
🇨🇳 Franks · China
704
+17
🇦🇷 Byzantines · Argentina
648
+20
🇷🇴 Poles · Romania
772
-15
🇺🇸 Mongols · United States
769
-15
🇭🇰 Shu · Hong Kong SAR China
756
-14
🇺🇸 Lithuanians · United States
684
-12
Robert08__10
15:08 Feudal Age
24:09 Castle Age
21:53 Horse Collar
26:22 Wheelbarrow
25:33 Town Watch
34:58 Light Cavalry
35:49 Bloodlines
35:39 Husbandry
41:16 Imperial Age
39:03 Hand Cart
38:34 Loom
38:49 Town Patrol
41:28 Winged Hussar
41:29 Cavalier
41:36 Elite Obuch
42:24 Szlachta Privileges
42:40 Lechitic Legacy
42:41 Conscription
42:58 Hoardings
44:22 Double-Bit Axe
44:41 Heavy Plow
45:58 Bow Saw
46:24 Forging
46:20 Scale Barding Armor
46:10 Gold Mining
50:01 Iron Casting
49:47 Chain Barding Armor
49:22 Stone Mining
52:38 Caravan
54:48 Blast Furnace
BasicOrc4106
0:31 Loom
2:06 Loom
11:37 Feudal Age
12:21 Double-Bit Axe
12:34 Horse Collar
14:31 Gold Mining
18:33 Castle Age
17:18 Stone Mining
20:30 Wheelbarrow
20:38 Town Watch
27:35 Bow Saw
28:36 Bloodlines
28:57 Husbandry
29:55 Hand Cart
29:57 Fletching
30:12 Padded Archer Armor
31:19 Bodkin Arrow
31:39 Leather Archer Armor
32:56 Gold Shaft Mining
32:59 Stone Shaft Mining
34:03 Heavy Plow
37:13 Imperial Age
36:55 Thumb Ring
37:18 Herbal Medicine
37:35 Fortified Wall
37:45 Ballistics
37:12 Light Cavalry
38:15 Conscription
38:58 Chemistry
38:02 Bracer
38:29 Parthian Tactics
38:08 Nomads
FARTKNOXX
11:51 Feudal Age
10:07 Loom
14:18 Horse Collar
16:34 Bloodlines
16:43 Double-Bit Axe
19:07 Scale Barding Armor
19:14 Forging
23:26 Castle Age
31:20 Chain Barding Armor
31:36 Iron Casting
31:24 Heavy Plow
31:39 Bow Saw
36:30 Imperial Age
35:49 Gold Mining
35:50 Stone Mining
38:50 Crop Rotation
39:08 Wheelbarrow
41:27 Elite Leitis
42:12 Hill Forts
42:48 Town Watch
43:19 Hand Cart
44:47 Hoardings
46:56 Plate Barding Armor
48:05 Husbandry
47:26 Cavalier
47:29 Light Cavalry
49:27 Town Patrol
50:50 Winged Hussar
ccpui1203
0:40 Loom
Dr Deleetus
11:22 Feudal Age
13:14 Double-Bit Axe
17:48 Castle Age
15:53 Horse Collar
20:03 Bow Saw
19:58 Pikeman
21:35 Wheelbarrow
26:39 Gold Mining
28:06 Stone Mining
29:47 Heavy Plow
29:48 Loom
30:29 Fletching
31:34 Gold Shaft Mining
31:35 Hand Cart
33:15 Town Watch
33:53 Bodkin Arrow
34:10 Squires
37:27 Ballistics
40:19 Imperial Age
38:13 Padded Archer Armor
39:17 Leather Archer Armor
41:08 Bracer
42:27 Chemistry
42:03 Ring Archer Armor
41:33 Scale Mail Armor
42:11 Fortified Wall
42:13 Masonry
42:48 Conscription
41:49 Elite Longbowman
43:07 Hoardings
42:46 Caravan
44:14 Yeomen
44:07 Forging
44:12 Chain Mail Armor
45:15 Warwolf
46:31 Two-Man Saw
45:23 Man-at-Arms
45:24 Halberdier
45:52 Gambesons
47:41 Plate Mail Armor
47:52 Iron Casting
47:17 Murder Holes
48:02 Coinage
50:32 Siege Engineers
50:58 Architecture
50:37 Long Swordsman
51:05 Arson
50:46 Capped Ram
51:34 Treadmill Crane
53:27 Two-Handed Swordsman
Marco Polo 666
1:24 Loom
9:51 Feudal Age
11:08 Wheelbarrow
10:34 Double-Bit Axe
10:33 Horse Collar
19:11 Castle Age
20:08 Bow Saw
20:14 Heavy Plow
21:33 Gold Mining
24:57 Stone Mining
26:18 Pikeman
26:59 Squires
26:45 Arson
26:49 Gambesons
27:57 Elite Skirmisher
30:00 Gold Shaft Mining
33:50 Imperial Age
32:53 Ballistics
32:20 Treadmill Crane
32:34 Guard Tower
32:43 Murder Holes
32:59 Fortified Wall
36:00 Stone Shaft Mining
35:04 Halberdier
35:16 Heavy Camel Rider
38:24 Scale Barding Armor
44:14 Conscription
44:07 Logistica
44:36 Hoardings
44:46 Hoardings
46:27 Hand Cart
47:14 Two-Man Saw
46:50 Crop Rotation
46:37 Husbandry
48:27 Chain Barding Armor
48:18 Forging
50:16 Plate Barding Armor
51:12 Iron Casting
56:44 Chemistry
55:55 Padded Archer Armor
55:45 Fletching
55:57 Scale Mail Armor
56:01 Caravan
DOZZER
10:41 Feudal Age
17:25 Arson
17:33 Horse Collar
18:03 Double-Bit Axe
24:00 Castle Age
24:18 Forging
24:09 Scale Mail Armor
27:04 Chain Mail Armor
27:29 Squires
30:55 Iron Casting
32:11 Heavy Plow
32:40 Bow Saw
34:41 Fortified Wall
34:38 Gold Mining
34:38 Stone Mining
40:08 Imperial Age
47:01 Elite Samurai
50:00 Blast Furnace
49:31 Plate Mail Armor
狩猎
2:03 Loom
10:26 Feudal Age
17:19 Castle Age
17:04 Double-Bit Axe
25:44 Stone Mining
25:45 Gold Mining
27:12 Bow Saw
28:20 Wheelbarrow
31:27 Gold Shaft Mining
32:54 Hand Cart
32:27 Town Watch
35:10 Town Patrol
38:29 Imperial Age
37:16 Caravan
37:45 Scale Barding Armor
37:40 Scale Mail Armor
37:50 Forging
38:00 Masonry
39:53 Chain Barding Armor
39:48 Chain Mail Armor
39:53 Chain Barding Armor
41:15 Iron Casting
41:15 Architecture
40:47 Murder Holes
41:03 Fortified Wall
42:16 Plate Barding Armor
42:36 Husbandry
41:57 Cavalier
43:14 Plate Mail Armor
43:53 Conscription
43:34 Chivalry
45:04 Blast Furnace
44:42 Paladin
Connection lost

Rejoining the realm…

Still unreachable

The connection could not be restored.

Session expired

The server has moved on; the page needs a fresh start.